Kradschützen Motorcycle Team
Construct Light Support Kompanie
le.IG 18 Mechanized Group
Selects L6/40 Light Tank Combat Group
Construct Mechanized Kompanie
Pak 38 Anti-tank Gun Team
Selects Territory Booby Traps
Panzerjäger Mechanized Group
Construct Panzerarmee Kommand
Selects Obice 305mm Barrage
L6/40 Light Tank Combat Group
L6/40 Light Tank Combat Group
L6/40 Light Tank Combat Group
Selects Towed Cannone da 105/28 Field Howitzer
Towed Cannone da 105/28 Field Howitzer
Pak 38 Anti-tank Gun Team
Selects Armored Support Battlegroup